 Dungeon Crawl Stone Soup version 0.26.0-10-g1f06aea511 (webtiles) character file.

Game seed: 13666229840107169611

783 wakim the Destroyer (level 7, -1/36 HPs)
             Began as a Deep Elf Conjurer on Jan 20, 2021.
             Slain by a bullfrog (9 damage)
             ... in a sewer.
             The game lasted 00:16:03 (3909 turns).

wakim the Destroyer (Deep Elf Conjurer)             Turns: 3909, Time: 00:16:04

Health: -1/36      AC:  6    Str:  5    XL:     7   Next: 55%
Magic:  13/18      EV: 13    Int: 24    God:
Gold:   313        SH:  0    Dex: 13    Spells: 7/18 levels left

rFire    . . .     SeeInvis .   a - +4 short sword
rCold    . . .     Faith    .   (no shield)
rNeg     . . .     Spirit   .   q - +2 animal skin
rPois    .         Reflect  .   h - +0 helmet
rElec    .         Harm     .   (no cloak)
rCorr    .         Rampage  .   p - +0 pair of gloves
Will     +....                  (no boots)
Stlth    +.........             (no amulet)
HPRegen  0.12/turn              m - ring of willpower
MPRegen  0.16/turn              (no ring)

@: very slow
A: no striking features
a: no special abilities


You were in a sewer.
You visited 1 branch of the dungeon, and saw 4 of its levels.
You also visited: Sewer.

You collected 313 gold pieces.

Inventory:

Hand Weapons
 a - a +4 short sword (weapon)
Armour
 h - a +0 helmet (worn)
 p - a +0 pair of gloves (worn)
 q - a +2 animal skin (worn)
Jewellery
 m - a ring of willpower (left hand)
Wands
 r - a wand of iceblast (9)
Scrolls
 c - 2 scrolls of identify
 d - 4 scrolls of teleportation
 e - 2 scrolls of remove curse
 s - a scroll of magic mapping {unknown}
 t - 3 scrolls of fear {unknown}
 u - a scroll of fog {unknown}
Potions
 b - a potion of might {unknown}
 f - a potion of haste {unknown}
 g - a potion of mutation {unknown}
 i - 2 potions of curing {unknown}
 j - 2 potions of brilliance {unknown}
 k - 2 potions of magic {unknown}
 l - 2 potions of heal wounds {unknown}
 n - 2 potions of attraction {unknown}
 o - a potion of resistance {unknown}


   Skills:
 - Level 2.4 Dodging
 - Level 2.4 Stealth
 + Level 6.3 Spellcasting
 * Level 8.0 Conjurations
 - Level 3.0 Hexes
 + Level 3.2 Translocations


You had 7 spell levels left.
You knew the following spells:

 Your Spells              Type           Power        Failure   Level
a - Magic Dart            Conj           100%         1%          1
b - Searing Ray           Conj           92%          1%          2
c - Fulminant Prism       Conj/Hex       17%          8%          4
d - Iskenderun's Mystic   Conj/Tloc      34%          8%          4

Your spell library contained the following spells:

 Spells                   Type           Power        Failure   Level
 Dazzling Flash           Conj/Hex       68%          2%          3


Dungeon Overview and Level Annotations

Branches:
Dungeon (4/15)              Sewer (1/1)
 Temple: D:4-7

Altars:


Message History

The adder bites you but does no damage. The bullfrog barely misses you.
The adder barely misses you. The adder barely misses you.
The bullfrog hits you but does no damage.
The adder bites you but does no damage.
The bullfrog hits you but does no damage.
The adder barely misses you. The bullfrog barely misses you.
The adder misses you.
The bullfrog hits you but does no damage.
The bullfrog hits you! The adder bites you but does no damage.
The bullfrog barely misses you. The ball python barely misses you. x2
The bullfrog hits you but does no damage.
The adder bites you but does no damage. The bullfrog barely misses you.
The bullfrog hits you!
* * * LOW HITPOINT WARNING * * *
The bullfrog hits you!
* * * LOW HITPOINT WARNING * * *
The adder misses you. x2; The bullfrog closely misses you.
The bullfrog hits you!
You die...

##### ####...####
####.........####
##......†........##
#......†#..†......#
##....†.##'##......##
#......###..##...†..#
##≈.≈.## #..##.S≈.≈.#
#≈≈≈≈≈≈# #####@FS≈≈≈#
#≈≈≈†≈≈# #SF≈≈≈≈#
#≈≈≈†≈≈# #SS≈≈≈≈#
#≈≈≈≈≈≈# #≈≈≈≈≈≈#
#≈≈≈≈≈≈# #≈≈≈≈≈≈#
##≈≈.≈≈# #≈≈≈≈#≈#
#≈..(≈≈# #≈≈≈#≈≈#
#≈≈.≈.## #≈≈≈≈.≈#
#≈≈≈≈≈≈# #≈≈≈≈.≈#


You could see 2 bullfrogs, 3 adders and 2 ball pythons.

Vanquished Creatures
  Grinder (D:3)
  Sigmund (D:3)
  A phantom (D:4)
  Natasha (twice) (D:2)
  Robin (D:2)
  5 river rats (Sewer)
  10 adders
  4 oozes
  3 worms
  9 leopard geckos
  7 orcs (D:3)
  5 giant cockroaches
  15 goblins
  13 hobgoblins
  A quokka (D:3)
  11 ball pythons
  6 bats
  4 frilled lizards
  6 kobolds
  29 rats
134 creatures vanquished.

Vanquished Creatures (others)
  4 fulminant prisms (Sewer)
4 creatures vanquished.

Grand Total: 138 creatures vanquished

Notes
Turn   | Place    | Note
-------+----------+-------------------------------------------
     0 | D:1      | wakim the Deep Elf Conjurer began the quest for the Orb.
     0 | D:1      | Reached XP level 1. HP: 10/10 MP: 6/6
   220 | D:1      | Reached XP level 2. HP: 15/15 MP: 5/8
   726 | D:2      | Reached skill level 5 in Conjurations
   729 | D:2      | Learned a level 2 spell: Searing Ray
   799 | D:2      | Reached XP level 3. HP: 19/19 MP: 1/10
   881 | D:2      | Noticed Natasha
   884 | D:2      | Killed Natasha
  1067 | D:2      | Reached XP level 4. HP: 24/24 MP: 3/12
  1332 | D:2      | Noticed Natasha
  1336 | D:2      | Killed Natasha
  1337 | D:2      | Reached skill level 6 in Conjurations
  1628 | D:3      | Learned a level 4 spell: Fulminant Prism
  1633 | D:3      | Learned a level 4 spell: Iskenderun's Mystic Blast
  1644 | D:3      | Noticed Sigmund
  1657 | D:3      | Noticed Grinder
  1660 | D:3      | Paralysed by Grinder for 4 turns
  1665 | D:3      | Paralysed by Grinder for 2 turns
  1670 | D:3      | Killed Grinder
  1671 | D:3      | Reached skill level 5 in Spellcasting
  1671 | D:3      | Reached skill level 1 in Translocations
  1671 | D:3      | Reached XP level 5. HP: 13/28 MP: 4/14
  1671 | D:3      | Reached XP level 6. HP: 15/32 MP: 4/15
  2161 | D:3      | Noticed Robin
  2185 | D:2      | Killed Robin
  2313 | D:2      | Reached skill level 7 in Conjurations
  2678 | D:3      | Killed Sigmund
  2679 | D:3      | Reached XP level 7. HP: 36/36 MP: 11/17
  3252 | D:4      | Found a glowing drain.
  3365 | Sewer    | Entered a sewer
  3644 | Sewer    | Reached skill level 8 in Conjurations
  3909 | Sewer    | Slain by a bullfrog

Illustrated notes

Levels and vault maps discovered:
D:1:      nzn_arrival_depleted_hourglass, layout_loops_ring,
          corexii_hall_statues_l, minmay_misc_feat_chi, serial_park_tiny_1,
          wander_ebering_terrifying_dragon_lair
D:2:      layout_basic, uniq_natasha
D:3:      layout_rooms, minmay_randomly_rotated_circles, uniq_sigmund,
          uniq_robin, uniq_grinder
D:4:      layout_basic, nicolae_overflow_hidden_temple,
          minmay_temple_entry_glassed_door, gup_sewer_entry_pipe
Sewer:    sewer_minmay_w

Skill      XL: |  1  2  3  4  5  6  7 |
---------------+----------------------+-----
Conjurations   | 5 6 7 8 |  8.0
Spellcasting   | 4 5 6 |  6.3
Hexes          | 2 3 |  3.0
Translocations | 1 2 3 |  3.2
Dodging        | |  2.4
Stealth        | |  2.4

Action                   |  1- 3 |  4- 6 |  7- 9 || total
-------------------------+-------+-------+-------++-------
 Cast: Magic Dart        |    52 |    41 |    53 ||   146
       Searing Ray       |     1 |    15 |    18 ||    34
       Fulminant Prism   |       |       |     4 ||     4
  Use: Scroll            |       |       |     4 ||     4
Armor: Robe              |       |     5 |       ||     5
       Animal skin       |       |     5 |    22 ||    27
Dodge: Dodged            |     1 |    29 |    35 ||    65
